 Dungeon Crawl Stone Soup version 0.29.1-2-gbd0b4ee654 (webtiles) character file.

Game seed: 5941210561907264403

2664 cdecastro the Cleaver (level 9, -1/85 HPs)
             Began as a Minotaur Fighter on Nov 14, 2022.
             Was a High Priest of Wu Jian.
             Slain by an unseen horror (2 damage)
             ... on level 7 of the Dungeon.
             The game lasted 00:17:02 (8579 turns).

cdecastro the Cleaver (Minotaur Fighter)            Turns: 8579, Time: 00:17:03

Health: -1/85      AC: 10    Str: 30    XL:     9   Next: 36%
Magic:  8/8        EV: 11    Int:  5    God:    Wu Jian [*****.]
Gold:   318        SH:  0    Dex: 11    Spells: 8/8 levels left

rFire   . . .      SeeInvis .   a - +0 war axe
rCold   + . .      Faith    .   (no shield)
rNeg    . . .      Spirit   .   G - +0 acid dragon scales
rPois   .          Reflect  .   (helmet restricted)
rElec   .          Harm     .   Q - +0 cloak
rCorr   +          Rampage  .   m - +1 pair of gloves {Stlth+}
Will    .....                   (no boots)
Stlth   ++........              (no amulet)
HPRegen 0.24/turn               q - ring of protection from cold
MPRegen 0.11/turn               N - +6 ring of strength

@: about to teleport, studying Ice Magic
A: horns 2, retaliatory headbutt
a: Renounce Religion, Wall Jump, Serpent's Lash, Heavenly Storm


You were on level 7 of the Dungeon.
You worshipped Wu Jian.
Wu Jian was extremely pleased with you.
You visited 2 branches of the dungeon, and saw 8 of its levels.
You also visited: Ossuary.

You collected 318 gold pieces.

Inventory:

Hand Weapons
 a - a +0 war axe (weapon)
 b - a +1 sling of flaming
 L - a +3 whip of venom
 M - a +2 dire flail
Missiles
 g - 43 stones
 O - 8 boomerangs
Armour
 j - a scarf of shadows
 m - a +1 pair of gloves of stealth (worn)
 x - a +0 scale mail
 D - a +0 chain mail
 G - +0 acid dragon scales (worn)
 Q - a +0 cloak (worn)
Jewellery
 c - an amulet of faith
 q - a ring of protection from cold (left hand)
 H - a ring of fire
 N - a +6 ring of strength (right hand)
Wands
 t - a wand of mindburst (12)
 A - a wand of roots (10)
 E - a wand of charming (9)
 F - a wand of digging (3)
 R - a wand of polymorph (2)
Scrolls
 e - a scroll of enchant armour {unknown}
 l - a scroll of silence {unknown}
 n - 5 scrolls of teleportation
 o - 2 scrolls of poison {unknown}
 p - 2 scrolls of identify {unknown}
 s - 4 scrolls of immolation {unknown}
 u - a scroll of magic mapping {unknown}
 v - a scroll of enchant weapon {unknown}
 y - 2 scrolls of blinking {unknown}
 B - 3 scrolls of noise {unknown}
 I - a scroll of vulnerability {unknown}
Potions
 d - 2 potions of might
 f - 6 potions of attraction
 h - 6 potions of curing
 i - 3 potions of ambrosia {unknown}
 k - 8 potions of brilliance {unknown}
 r - a potion of magic {unknown}
 w - a potion of flight {unknown}
 z - 2 potions of cancellation {unknown}
 C - a potion of berserk rage {unknown}
 J - 2 potions of resistance {unknown}
 K - a potion of invisibility {unknown}
 P - a potion of heal wounds {unknown}


   Skills:
 - Level 10.0 Fighting
 - Level 12.0 Axes
 + Level 4.9 Armour
 - Level 3.6 Shields


You had 8 spell levels left.
You didn't know any spells.
Your spell library contained the following spells:

 Spells                   Type           Power      Damage    Failure   Level
 Magic Dart               Conj           0%         1d3       54%         1
 Sandblast                Erth           0%         2d4       54%         1
 Summon Small Mammal      Summ           0%         N/A       54%         1
 Call Imp                 Summ           0%         N/A       67%         2
 Passwall                 Tmut/Erth      0%         N/A       67%         2
 Scorch                   Fire           0%         2d5       67%         2
 Sublimation of Blood     Necr           0%         N/A       67%         2
 Wereblood                Tmut           0%         N/A       67%         2
 Call Canine Familiar     Summ           0%         N/A       88%         3
 Mephitic Cloud           Conj/Pois/Air  0%         N/A       88%         3
 Stone Arrow              Conj/Erth      0%         3d7       88%         3
 Summon Guardian Golem    Hex/Summ       0%         N/A       88%         3
 Flame Wave               Conj/Fire      0%         2d4       99%         4
 Summon Cactus Giant      Summ           0%         N/A       100%        6
 Summon Hydra             Summ           0%         N/A       100%        7


Dungeon Overview and Level Annotations

Branches:
Dungeon (7/15)             Temple (1/1) D:4         Ossuary (visited)

Altars:
Ashenzari
Cheibriados
Dithmenos
Fedhas
Gozag
Kikubaaqudgha
Makhleb
Nemelex Xobeh
Okawaru
Qazlal
Ru
Sif Muna
Trog
Vehumet
Wu Jian
Xom
Zin
The Shining One

Shops:
D:1 *[[=*   D:2 [

Annotations:
D:7 3 runed translucent doors, Joseph; Maggie; cdecastro's ghost, novice OpTm; jamesblauser's ghost, weakling SpDe


Innate Abilities, Weirdness & Mutations

You have a pair of horns on your head.
You reflexively headbutt those who attack you in melee.


Message History

* * * LOW HITPOINT WARNING * * *
There is an open door, spattered with blood here.
Something hits you but does no damage. x2
Something hits you.
* * * LOW HITPOINT WARNING * * *
Something hits you.
* * * LOW HITPOINT WARNING * * *
Something hits you but does no damage.
There is an open door, spattered with blood here.
You barely miss something. Something hits you but does no damage.
Something hits you.
* * * LOW HITPOINT WARNING * * *
You miss something. Something hits you but does no damage.
Okay, then.
Search for what [Enter for "."]? sinv Unknown command.
Something hits you!
* * * LOW HITPOINT WARNING * * *
Something hits you but does no damage.
There is an open door, spattered with blood here.
Something hits you.
* * * LOW HITPOINT WARNING * * *
Something hits you but does no damage.
You close the door.
Something hits you!
* * * LOW HITPOINT WARNING * * *
Something hits you but does no damage. Something hits you but does no damage.
You feel better. Something hits you.
* * * LOW HITPOINT WARNING * * *
Unknown command.
As you read the scroll labelled ROMUIH CYMM, it crumbles to dust.
You feel strangely unstable.
It was a scroll of teleportation.
Something hits you!
* * * LOW HITPOINT WARNING * * *
You open the door. Something hits you but does no damage. Something hits you.
* * * LOW HITPOINT WARNING * * *
Something hits you.
* * * LOW HITPOINT WARNING * * *
Something hits you.
You die...

..........## #.#
.##..#.##..## #.#
.##..#..##..## #.#
.....##.###..#### #.#
###.............# #.#
#..###..#########+###.#
#..# ##.##...##.......#
##.# ####$...$#.......#
####.###..#$....@..8....#
.........##$....#.......#
........####...##.......#
........# ########'#####
.....[..# ##.).##
........# #.....#
######### #.....# #.....#
##...##


There were no monsters in sight!

Vanquished Creatures
  Sigmund (D:6)
  A yak (D:6)
  A wraith (Ossuary)
  Menkaure (D:7)
  An acid dragon (D:6)
  2 water moccasins
  An orc warrior (D:7)
  A sky beast (D:5)
  3 ice beasts
  An ogre (D:6)
  A centaur (D:7)
  2 bullfrogs (D:6)
  A necrophage (D:5)
  2 scorpions
  3 wights (D:6)
  2 orc priests
  5 hounds
  A gnoll bouda (D:6)
  3 iguanas
  A jelly (D:6)
  Ijyb (D:3)
  2 orc wizards (D:7)
  A mummy (Ossuary)
  6 gnolls (D:6)
  7 adders
  2 shadow imps
  A white imp (D:6)
  An ufetubus (D:6)
  4 dart slugs
  22 orcs
  14 ball pythons
  12 endoplasms
  8 goblins
  10 hobgoblins
  9 jackals
  4 quokkas
  4 frilled lizards
  7 gnoll skeletons (Ossuary)
  5 kobolds
  9 kobold skeletons (Ossuary)
  9 orc skeletons (Ossuary)
  12 rats
  2 rat zombies (D:7)
186 creatures vanquished.

Vanquished Creatures (others)
  A plant (D:3)
  6 withered plants (D:7)
7 creatures vanquished.

Grand Total: 193 creatures vanquished

Notes
Turn   | Place    | Note
-------+----------+-------------------------------------------
     0 | D:1      | cdecastro the Minotaur Fighter began the quest for the Orb.
     0 | D:1      | Reached XP level 1. HP: 19/19 MP: 0/0
    20 | D:1      | Found Faliwkionn's Armour Emporium.
   148 | D:1      | Reached skill level 3 in Axes
   148 | D:1      | Found Jomm's Assorted Antiques.
   238 | D:1      | Reached XP level 2. HP: 25/26 MP: 1/1
   278 | D:1      | Found Avuiwet's Jewellery Shop.
   374 | D:1      | Found Cyxzaec's Assorted Antiques.
   393 | D:1      | Reached skill level 4 in Axes
   447 | D:1      | Reached XP level 3. HP: 31/31 MP: 2/2
   510 | D:1      | Found Ceulem's Armour Emporium.
   878 | D:2      | Found a faded altar of an unknown god.
  1052 | D:2      | Prayed at the altar of an unknown god.
  1052 | D:2      | Became a worshipper of the Wu Jian Council
  1052 | D:2      | Reached * piety under Wu Jian
  1201 | D:2      | Reached skill level 5 in Axes
  1375 | D:2      | Reached XP level 4. HP: 32/39 MP: 3/3
  1463 | D:2      | Found Vably's Armour Boutique.
  1952 | D:3      | Reached ** piety under Wu Jian
  2218 | D:3      | Noticed Ijyb
  2229 | D:3      | Killed Ijyb
  2230 | D:3      | Reached skill level 6 in Axes
  2591 | D:3      | Found a glowing silver altar of Zin.
  2606 | D:3      | Reached XP level 5. HP: 45/45 MP: 4/4
  2945 | D:3      | Noticed a water moccasin
  2960 | D:3      | Killed a water moccasin
  2961 | D:3      | Reached skill level 7 in Axes
  3308 | D:4      | Found a staircase to the Ecumenical Temple.
  3320 | D:4      | Reached XP level 6. HP: 51/51 MP: 5/5
  3330 | Temple   | Entered the Ecumenical Temple
  3650 | D:4      | Reached skill level 8 in Axes
  3893 | D:4      | Found a shimmering blue altar of Sif Muna.
  4011 | D:5      | Entered Level 5 of the Dungeon
  4134 | D:5      | Noticed an ice beast
  4136 | D:5      | Killed an ice beast
  4137 | D:5      | Reached skill level 9 in Axes
  4266 | D:5      | Reached XP level 7. HP: 51/57 MP: 6/6
  4816 | D:6      | Reached *** piety under Wu Jian
  4817 | D:6      | Reached skill level 10 in Axes
  5289 | D:6      | Reached skill level 11 in Axes
  5459 | D:6      | Reached XP level 8. HP: 38/64 MP: 7/7
  5633 | D:6      | Found an ornate altar of the Wu Jian Council.
  5751 | D:6      | Reached skill level 12 in Axes
  5968 | D:6      | Reached skill level 5 in Fighting
  5969 | D:6      | Noticed Sigmund
  6009 | D:6      | Killed Sigmund
  6420 | D:5      | HP: 3/73 [poisoned by a gnoll bouda]
  6990 | D:6      | Found a shadowy altar of Dithmenos.
  7293 | D:6      | Reached XP level 9. HP: 73/82 MP: 8/8
  7293 | D:6      | Reached **** piety under Wu Jian
  7504 | D:7      | Noticed Joseph
  7510 | D:7      | Noticed Maggie
  7669 | D:7      | Found a sand-covered staircase.
  7676 | Ossuary  | Entered an ossuary
  8093 | D:7      | Reached ***** piety under Wu Jian
  8095 | D:7      | Found a runed translucent gate.
  8100 | D:7      | Reached skill level 10 in Fighting
  8113 | D:7      | Found a runed translucent gate.
  8113 | D:7      | Found a runed translucent gate.
  8240 | D:7      | Noticed jamesblauser's ghost (weakling SpDe)
  8240 | D:7      | Noticed cdecastro's ghost (novice OpTm)
  8365 | D:7      | Noticed Menkaure
  8370 | D:7      | Killed Menkaure
  8578 | D:7      | HP: 4/85 [something (3)]
  8579 | D:7      | HP: 1/85 [something (3)]
  8579 | D:7      | Slain by an unseen horror

Illustrated notes

Levels and vault maps discovered:
D:1:      dpeg_arrival_court, layout_basic, serial_shops,
          nicolae_shop_advertising_works [nicolae_subvault_shop_adworks],
          nicolae_shop_trees, nicolae_diamond_shop, shop,
          nicolae_shop_hallway_stairs, minmay_tromino_v7
D:2:      minmay_alternating_diamond, layout_basic,
          ebering_ecumenical_altar_abandoned, serial_shops, shop
D:3:      layout_basic, mainiacjoe_overflow_alcove_1, serial_bayou,
          serial_bayou_ford_a, serial_bayou_pond_c, serial_bayou_shore_a,
          serial_bayou_pond_c, serial_bayou_crossing, serial_bayou_pond_b,
          minmay_fractal_squares_gapless_5, uniq_ijyb
D:4:      layout_rooms, mainiacjoe_overflow_alcove_4, minmay_temple_entry_tees,
          hangedman_decor_clover_reticule, hangedman_decor_growths
D:5:      layout_loops_ring
D:6:      layout_layer_cave, grunt_dithmenos_shadows, kennysheep_little_box,
          minmay_manual_monolith, uniq_sigmund
D:7:      cheibrodos_iron_armory, layout_rooms, gammafunk_ghost_cemetery,
          enter_ossuary_4, minmay_three_doors, uniq_maggie, uniq_joseph,
          uniq_menkaure
Temple:   compressed_dpeg_circular_temple

Skill      XL: |  1  2  3  4  5  6  7  8  9 |
---------------+----------------------------+-----
Axes           | 3 4 5 6 7 9 11 12 | 12.0
Fighting       | 8 10 | 10.0
Armour         | 4 |  4.9
Shields        | |  3.6

Action                   |  1- 3 |  4- 6 |  7- 9 || total
-------------------------+-------+-------+-------++-------
Melee: War axe           |    90 |    98 |   215 ||   403
       Headbutt          |    10 |    11 |    41 ||    62
       Punch             |     1 |       |     2 ||     3
 Fire: Sling             |       |     2 |       ||     2
Invok: Lunge             |     1 |     4 |    20 ||    25
       Whirlwind         |       |     1 |     6 ||     7
 Abil: Wall Jump         |       |       |     4 ||     4
Evoke: Wand              |       |     2 |     2 ||     4
  Use: Potion            |       |     4 |     1 ||     5
       Scroll            |       |       |     1 ||     1
 Stab: Sleeping          |       |       |     2 ||     2
       Distracted        |       |       |     1 ||     1
Armor: Scale mail        |    42 |    40 |    23 ||   105
       Acid dragon scale |       |       |    55 ||    55
Dodge: Dodged            |    56 |    39 |    73 ||   168
Block: Buckler           |     2 |       |       ||     2
